 Dungeon Crawl Stone Soup version 0.29.1-15-g9cfb28693d (webtiles) character file.

Game seed: 358996748142571208

25 hawla the Firebug (level 3, -3/26 HPs)
             Began as a Meteoran Fire Elementalist on Mar 8, 2023.
             Succumbed to croobank's ghost's poison
             ... on level 4 of the Dungeon.
             The game lasted 00:03:15 (1148 turns).

hawla the Firebug (Meteoran Fire Elementalist)      Turns: 1148, Time: 00:03:15

Health: -3/26      AC:  5    Str: 10    XL:     3   Next: 38%
Magic:  8/8        EV: 12    Int: 18    God:
Gold:   49         SH:  0    Dex: 14    Spells: 5/8 levels left

rFire   + . .      SeeInvis .   j - staff of conjuration
rCold   x . .      Faith    .   (no shield)
rNeg    . . .      Spirit   .   a - +0 robe
rPois   .          Reflect  .   (no helmet)
rElec   .          Harm     .   i - +2 cloak
rCorr   .          Rampage  .   (no gloves)
Will    .....                   (no boots)
Stlth   +.........              (no amulet)
HPRegen 0.08/turn               m - ring of fire
MPRegen 0.11/turn               n - ring of flight

@: lethally poisoned (-3 -> -30), flying, glowing
A: sense surroundings 1, otherworldly, glowing, explore regen
a: no special abilities


You were on level 4 of the Dungeon.
You visited 1 branch of the dungeon, and saw 4 of its levels.

You collected 49 gold pieces.

Inventory:

Hand Weapons
 o - a +1 whip of venom
Armour
 a - a +0 robe (worn)
 i - a +2 cloak (worn)
Magical Staves
 j - a staff of conjuration (weapon)
Jewellery
 m - a ring of fire (left hand)
 n - a ring of flight (right hand)
Wands
 p - a wand of flame (15) (quivered)
Scrolls
 e - 3 scrolls of fear
Potions
 b - a potion of magic
 c - 2 potions of curing {unknown}
 d - a potion of cancellation {unknown}
 f - a potion of flight {unknown}
 g - a potion of attraction {unknown}
 h - a potion of mutation {unknown}
 q - a potion of might {unknown}


   Skills:
 - Level 2.4 Dodging
 - Level 1.4 Stealth
 - Level 3.0 Spellcasting
 - Level 1.5 Conjurations
 - Level 4.6 Fire Magic
 + Level 0.2 Evocations


You had 5 spell levels left.
You knew the following spells:

 Your Spells              Type           Power      Damage    Failure   Level
a - Foxfire               Conj/Fire      100%       2x1d9     4%          1
b - Scorch                Fire           58%        2d8       3%          2

Your spell library contained the following spells:

 Spells                   Type           Power      Damage    Failure   Level
 Conjure Flame            Conj/Fire      31%        6-21      14%         3
 Inner Flame              Hex/Fire       16%        N/A       19%         3
 Flame Wave               Conj/Fire      31%        2d9       41%         4


Dungeon Overview and Level Annotations

Branches:
Dungeon (4/15) Zot: 1255
 Temple: D:4-7

Altars:
Makhleb
Uskayaw

Shops:
D:3 ([

Annotations:
D:4 Scrimshaw's ghost, novice OpTm; croobank's ghost, amateur OpTm; hero57213's ghost, amateur MiFi


Innate Abilities, Weirdness & Mutations

You passively map a small area around you.
You are easily found by Zot.
You glow in the dark.
You regain HP and MP as you explore.


Message History

q - a bubbling green potion You reach down and open the door.
There is an open door here.
e - 4 scrolls labelled LEOMIQ YFEV (gained 1) Croobank's ghost turns its malevolent gaze towards you.
Scrimshaw's ghost turns its malevolent gaze towards you.
Scrimshaw's ghost shrieks, "I have seen your future, and it is all used up."
Found 4 stones.
Could not explore, unopened runed door.
You reach down and open the gate.
Croobank's ghost screams, "Zot is a myth, the ORB is a fable, you'll soon be a tale!"
Casting: Foxfire (safe; 4% risk of failure)
Confirm with . or Enter, or press ? or * to list all spells.
You don't know that spell.
As you read the scroll labelled LEOMIQ YFEV, it crumbles to dust.
You assume a fearsome visage.
Croobank's ghost is unaffected.
It was a scroll of fear.
As you read the scroll labelled QEGHEWKI TODU, it crumbles to dust.
You hear a loud clanging noise!
It was a scroll of noise.
Croobank's ghost hits you.
You are poisoned.
Scrimshaw's ghost closely misses you.
Unknown command.
As you read the scroll labelled KIPLOI PEXI, it crumbles to dust.
It is a scroll of enchant armour.
Your +1 cloak glows green for a moment.
You feel very sick. Croobank's ghost hits you.
You are lethally poisoned!
Scrimshaw's ghost hits you but does no damage.
Croobank's ghost attacks as you move away!
Croobank's ghost barely misses you.
You feel very sick.
You feel very sick.
You feel very sick.
Croobank's ghost attacks as you move away!
Croobank's ghost hits you.
* * * LOW HITPOINT WARNING * * *
You are more poisoned.
You die...

### ####.# #....# #.##.# #.##.#
#.##.# ###### ## #.##.# #....# #.
#.##.##########....########.
#........#.@.......'........
#########.###.#.####....########.
>.........# #.#W###.....# ##
.##....#### #.#.W.......#
.#####.# #.#.........# .# #.##
#.####'''#### .#
#..#####.#♣.......♣* .#
##.....#.#⌠.......⌠# .#
#####...#♣.......♣#########


You could see croobank's ghost.

Vanquished Creatures
  A dart slug (D:3)
  An orc (D:4)
  2 giant cockroaches
  4 goblins
  7 hobgoblins
  2 ball pythons
  2 kobolds
19 creatures vanquished.

Vanquished Creatures (others)
  38 foxfires
38 creatures vanquished.

Grand Total: 57 creatures vanquished

Notes
Turn   | Place    | Note
-------+----------+-------------------------------------------
     0 | D:1      | hawla the Meteoran Fire Elementalist began the quest for
                  | the Orb.
     0 | D:1      | Reached XP level 1. HP: 14/14 MP: 5/5
    71 | D:1      | Reached XP level 2. HP: 19/20 MP: 3/6
    84 | D:1      | Learned a level 2 spell: Scorch
    96 | D:2      | Reached skill level 4 in Fire Magic
   116 | D:3      | Found Usaosad's Armour Boutique.
   151 | D:3      | Reached XP level 3. HP: 26/26 MP: 1/8
   171 | D:3      | Found Raloohoenwu's Antique Weapon Emporium.
   215 | D:4      | Found a burning altar of Makhleb.
   804 | D:4      | Found a hide-covered altar of Uskayaw.
  1123 | D:4      | Found a runed translucent gate.
  1123 | D:4      | Found a runed translucent gate.
  1124 | D:4      | Found a runed translucent gate.
  1137 | D:4      | Noticed croobank's ghost (amateur OpTm)
  1137 | D:4      | Noticed Scrimshaw's ghost (novice OpTm)
  1137 | D:4      | Noticed hero57213's ghost (amateur MiFi)
  1148 | D:4      | Succumbed to croobank's ghost's poison

Illustrated notes

Levels and vault maps discovered:
D:1:      lemuel_arrival_funnel, layout_basic,
          amcnicky_mini_rare_corridor_liquid, minmay_tall_x
D:2:      layout_basic, feat_on_display
D:3:      minmay_octagon_keep, layout_basic, gammafunk_temple_overflow_elements,
          serial_shops, nicolae_shop_advertising_works
          [nicolae_subvault_shop_adworks], shop, shop, minmay_misc_feat_iff
D:4:      layout_basic, lemuel_round_altar, mainiacjoe_overflow_alcove_4,
          gammafunk_ghost_cemetery, lemuel_flame_loot_1

Skill      XL: |  1  2 |
---------------+-------+-----
Spellcasting   | 3 |  3.0
Fire Magic     | 4 |  4.6
Dodging        | |  2.4
Stealth        | |  1.4
Conjurations   | |  1.5
Evocations     | |  0.2

Action                   || total
-------------------------++-------
Melee: Unarmed           ||     8
 Cast: Foxfire           ||    23
       Scorch            ||     7
  Use: Scroll            ||     4
Armor: Robe              ||     6
Dodge: Dodged            ||    11
